 Dungeon Crawl Stone Soup version 0.31-a0-237-g2d982f9f85 (webtiles) character file.

Game seed: 16130570708655188244

279 qw the Shooter (level 6, -5/52 HPs)
             Began as a Minotaur Hexslinger on July 11, 2023.
             Was an Initiate of Okawaru.
             Slain by an ogre
             ... wielding a +0 giant spiked club
              (23 damage)
             ... on level 4 of the Dungeon.
             The game lasted 00:01:17 (3464 turns).

qw the Shooter (Minotaur Hexslinger)                Turns: 3464, Time: 00:01:18

Health: -5/52      AC: 10    Str: 13    XL:     6   Next: 5%
Magic:  6/6        EV: 16    Int: 10    God:    Okawaru [......]
Gold:   181        SH:  0    Dex: 14    Spells: 6/7 levels left

rFire   . . .        Y - +3 sling
rCold   . . .        (no shield)
rNeg    . . .        c - +0 ring mail
rPois   .            (helmet restricted)
rElec   .            e - +0 cloak
rCorr   .            (no gloves)
SInv    .            (no boots)
Will    .....        (no amulet)
Stlth   +            i - +4 ring of protection
HPRegen 0.28/turn    h - +5 ring of evasion
MPRegen 0.10/turn

%: no passive effects
@: no status effects
A: horns 2, retaliatory headbutt
a: Renounce Religion


You were on level 4 of the Dungeon.
You worshipped Okawaru.
Okawaru was noncommittal.
You visited 1 branch of the dungeon, and saw 4 of its levels.

You collected 247 gold pieces.
You spent 66 gold pieces at shops.


Innate Abilities, Weirdness & Mutations

You have a pair of horns on your head.
You reflexively headbutt those who attack you in melee.


   Skills:
 + Level 3.8 Fighting
 - Level 6.0 Ranged Weapons
 - Level 1.0 Armour
 - Level 2.1 Dodging
 - Level 1.0 Spellcasting
 - Level 2.0 Hexes


You had 6 spell levels left.
You knew the following spells:

 Your Spells              Type           Power      Damage    Failure   Level
a - Slow                  Hex            16%        N/A       32%         1

Your spell library contained the following spells:

 Spells                   Type           Power      Damage    Failure   Level
 Inner Flame              Hex/Fire       2%         N/A       82%         3
 Portal Projectile        Hex/Tloc       4%         N/A       82%         3
 Cause Fear               Hex            2%         N/A       97%         4

Inventory:

Hand Weapons
 Y - a +3 sling (weapon)
Armour
 c - a +0 ring mail (worn)
 e - a +0 cloak (worn)
Jewellery
 h - a +5 ring of evasion (right hand)
 i - a +4 ring of protection (left hand)
Scrolls
 a - a scroll of immolation {unknown}
 b - 2 scrolls of identify
 l - a scroll of fear {unknown}
Potions
 d - a potion of might
 f - a potion of resistance
 g - 2 potions of curing
 j - a potion of ambrosia {unknown}
 k - a potion of cancellation {unknown}

Dungeon Overview and Level Annotations

Branches:
Dungeon (4/15)
 Temple: D:4-7

Altars:
Cheibriados
Dithmenos
Kikubaaqudgha
Nemelex Xobeh
Okawaru

Shops:
D:2 ?


Message History

Enter note:
Enter note:
Enter note: An ogre comes into view. It is wielding a +0 giant spiked club.
The ogre shouts!
Enter note:
Enter note:
Enter note:
Enter note:
Enter note:
Enter note:
Enter note:
Enter note:
Enter note: You shoot a sling bullet.
The sling bullet hits the ogre.
The ogre is lightly wounded.
You shoot a sling bullet. The sling bullet hits the ogre.
The ogre is moderately wounded.
You shoot a sling bullet. The sling bullet hits the ogre.
The ogre is heavily wounded.
You shoot a sling bullet.
The sling bullet closely misses the ogre.
You shoot a sling bullet. The sling bullet hits the ogre.
The ogre is severely wounded.
The ogre hits you with a +0 giant spiked club!
You shoot a sling bullet. The sling bullet hits the ogre.
The ogre is severely wounded.
The ogre hits you with a +0 giant spiked club!
You shoot a sling bullet. The sling bullet hits the ogre.
The ogre is almost dead.
You shoot a sling bullet.
The sling bullet barely misses the ogre.
The ogre hits you with a +0 giant spiked club!
You shoot a sling bullet. The sling bullet hits the ogre.
The ogre is almost dead.
The ogre closely misses you.
You shoot a sling bullet.
The sling bullet completely misses the ogre.
The ogre hits you with a +0 giant spiked club!!
You die...

##....##
#....##
#...##
#..## #.##
##.# ##..#
#...# #@..#
#.O.....#
#........#
#....##...#
# #...##
..## ##
.... ### .#
..... .##
......
#.######


You could see an ogre.

Vanquished Creatures
  A scorpion (D:4)
  An iguana (D:4)
  An adder (D:4)
  4 gnolls (D:3)
  An ufetubus (D:4)
  3 dart slugs (D:1)
  2 orcs
  7 ball pythons
  3 endoplasms
  31 goblins
  30 hobgoblins
  12 kobolds
  2 quokkas (D:1)
  6 bats
  5 frilled lizards
  5 rats
114 creatures vanquished.

Notes
Turn   | Place    | Note
-------+----------+-------------------------------------------
     0 | D:1      | qw the Minotaur Hexslinger began the quest for the Orb.
     0 | D:1      | Reached XP level 1. HP: 16/16 MP: 1/1
     0 | D:1      | 0 ||| qw: Version: 0.3-a-52-g30416fa
     0 | D:1      | 0 ||| qw: Game counter: 5641
     0 | D:1      | 0 ||| qw: Melee chars always use a shield: true
     0 | D:1      | 0 ||| qw: God list: Okawaru
     0 | D:1      | 0 ||| qw: Allow faded altars: false
     0 | D:1      | 0 ||| qw: Do Orc after clearing Dungeon:15 true
     0 | D:1      | 0 ||| qw: Do second Lair branch before Depths: true
     0 | D:1      | 0 ||| qw: Lair rune preference: random
     0 | D:1      | 0 ||| qw: Goals: Normal
     0 | D:1      | 0 ||| PLANNING D:1-11
   185 | D:1      | Reached skill level 3 in Ranged Weapons
   185 | D:1      | Reached XP level 2. HP: 17/23 MP: 2/2
   807 | D:1      | 807 ||| DROPPING scarf of invisibility.
   808 | D:1      | 808 ||| UPGRADING to +4 ring of protection.
   809 | D:1      | 809 ||| READING scroll labelled QYSHRU KOZOXE.
   810 | D:1      | 810 ||| READING 2 scrolls labelled POMNEOM UKADGHO.
   811 | D:1      | 811 ||| READING scroll of enchant weapon.
   811 | D:1      | 811 ||| ENCHANTING +2 sling.
   812 | D:1      | 812 ||| DROPPING scroll of poison.
   873 | D:2      | Reached XP level 3. HP: 28/29 MP: 3/3
   904 | D:2      | Found Dukh's Magic Scroll Boutique.
   913 | D:2      | 913 ||| BUYING scroll of identify (22 gold).
   913 | D:2      | Bought a scroll of identify for 22 gold pieces
   913 | D:2      | 913 ||| BUYING scroll of identify (22 gold).
   913 | D:2      | Bought a scroll of identify for 22 gold pieces
   913 | D:2      | 913 ||| BUYING scroll of identify (22 gold).
   913 | D:2      | Bought a scroll of identify for 22 gold pieces
   913 | D:2      | 913 ||| SHOPLISTING scroll of teleportation (33 gold, have
                  | 1).
  1251 | D:2      | 1251 ||| UPGRADING to +0 leather armour.
  1261 | D:2      | 1261 ||| DROPPING +0 robe.
  1262 | D:2      | 1262 ||| UPGRADING to +0 cloak.
  1267 | D:2      | 1267 ||| READING 3 scrolls of identify.
  1267 | D:2      | 1267 ||| IDENTIFYING lumpy green potion
  1268 | D:2      | 1268 ||| READING 2 scrolls of identify.
  1268 | D:2      | 1268 ||| IDENTIFYING fizzy coppery potion
  1312 | D:3      | Reached skill level 4 in Ranged Weapons
  1361 | D:3      | 1361 ||| Stepping ~*~*~tactically~*~*~ (outnumbered).
  1364 | D:3      | 1364 ||| Stepping ~*~*~tactically~*~*~ (outnumbered).
  1366 | D:3      | 1366 ||| Stepping ~*~*~tactically~*~*~ (outnumbered).
  1368 | D:3      | 1368 ||| Stepping ~*~*~tactically~*~*~ (outnumbered).
  1370 | D:3      | 1370 ||| Stepping ~*~*~tactically~*~*~ (outnumbered).
  1439 | D:3      | Found a shadowy altar of Dithmenos.
  1442 | D:3      | Found a snail-covered altar of Cheibriados.
  1521 | D:3      | Found a sparkling altar of Nemelex Xobeh.
  1524 | D:3      | Found an ancient bone altar of Kikubaaqudgha.
  1593 | D:3      | Found an iron altar of Okawaru.
  1594 | D:3      | 1594 ||| PLANNING OKAWARU WORSHIP
  1594 | D:3      | 1594 ||| UPGRADING to +0 ring mail.
  1599 | D:3      | 1599 ||| UPGRADING to +0 ring mail.
  1603 | D:3      | 1603 ||| UPGRADING to +0 ring mail.
  1613 | D:3      | 1613 ||| DROPPING +0 leather armour.
  1614 | D:3      | 1614 ||| UPGRADING to +5 ring of evasion.
  1615 | D:3      | 1615 ||| READING 2 scrolls of identify.
  1615 | D:3      | 1615 ||| IDENTIFYING viscous ruby potion
  1626 | D:3      | Became a worshipper of Warmaster Okawaru
  1627 | D:3      | 1627 ||| PLANNING D:1-11
  1949 | D:3      | Reached skill level 1 in Armour
  1967 | D:3      | Reached XP level 4. HP: 36/36 MP: 4/4
  2073 | D:3      | Reached skill level 5 in Ranged Weapons
  2233 | D:3      | Reached skill level 3 in Fighting
  2233 | D:3      | Reached XP level 5. HP: 41/45 MP: 5/5
  2598 | D:3      | 2598 ||| READING scroll labelled ZAOGOFO DORGH.
  2786 | D:4      | Reached skill level 6 in Ranged Weapons
  3349 | D:4      | Reached XP level 6. HP: 44/52 MP: 6/6
  3464 | D:4      | Slain by an ogre

Levels and vault maps discovered:
D:1:      minmay_arrival_loop, layout_basic, hangedman_feature_mirror
D:2:      layout_rooms, serial_shops, shop, roderic_serpentine_path
D:3:      minmay_goblin_kobold_castle, layout_basic,
          nicolae_overflow_crystal_walls, grunt_temple_overflow_cloverleaf
D:4:      layout_layer_cave

Skill      XL: |  1  2  3  4  5 |
---------------+----------------+-----
Ranged Weapons | 3 4 5 6 |  6.0
Fighting       | 2 3 |  3.8
Armour         | 1 |  1.0
Dodging        | |  2.1
Spellcasting   | |  1.0
Hexes          | |  2.0

Action                     |  1- 3 |  4- 6 || total
---------------------------+-------+-------++-------
   Fire: Sling             |   118 |   167 ||   285
    Use: Scroll            |     6 |     1 ||     7
 Armour: Robe              |     5 |       ||     5
         Leather armour    |     3 |       ||     3
         Ring mail         |     1 |    22 ||    23
  Dodge: Dodged            |    20 |    82 ||   102

Table legend:
 A = Non-vault XP
 B = Vault XP
 C = Vault XP percentage of total XP
 D = Non-vault monster count
 E = Vault monster count
 F = Vault count percentage of total count
                 A         B        C        D         E       F
            +---------+---------+-------+---------+---------+-------
      Total |     241 |     158 |  39.6 |      56 |      58 |  50.9
            +---------+---------+-------+---------+---------+-------
        D:1 |      38 |       0 |   0.0 |      19 |       0 |   0.0
        D:2 |      23 |       0 |   0.0 |      16 |       0 |   0.0
        D:3 |      23 |     158 |  87.3 |      13 |      58 |  81.7
        D:4 |     157 |       0 |   0.0 |       8 |       0 |   0.0
            +---------+---------+-------+---------+---------+-------
